AoeStats
← SeemsFishy

Black Forest

506065813Analyzed
4v4 RM · 21d ago on Sep 12, 2026· 58m 30s· 8 players
Game mode
Random Map
Map size
Large (8 player)
Population
200
Speed
Normal
Resources
Standard
Victory
Conquest
Starting age
Dark Age
Ending age
Imperial Age
RankedLock teamsTeams togetherTeam positionsShared explorationLock speedFull tech treeHidden civsTurbo modeCheats
Victory
Defeat
🇸🇪 Bohemians · Sweden
1437
+12
🇬🇧 Koreans · United Kingdom
1411
+13
🇨🇳 Cumans · China
1398
+13
🇨🇳 Mongols · China
1354
+15
🇰🇿 Slavs · Kazakhstan
1352
-14
1350
-14
🇨🇳 Mongols · China
1345
-13
🇷🇺 Khmer · Russia
1309
-12
xinyuan.zhao22
1:25 Loom
11:17 Feudal Age
13:15 Double-Bit Axe
21:21 Castle Age
19:31 Gold Mining
20:24 Forging
20:25 Scale Barding Armor
21:13 Bloodlines
21:29 Capped Ram
23:01 Bow Saw
27:30 Forging
29:07 Wheelbarrow
30:31 Hand Cart
34:32 Imperial Age
31:47 Town Watch
32:47 Town Patrol
33:55 Chain Barding Armor
34:11 Iron Casting
33:33 Horse Collar
34:47 Gold Shaft Mining
34:03 Stone Mining
34:17 Heavy Plow
33:53 Light Cavalry
35:56 Plate Barding Armor
35:04 Onager
35:48 Hussar
44:01 Guilds
43:52 Caravan
47:26 Chemistry
46:27 Siege Onager
54:52 Cavalier
SeemsFishy
0:46 Loom
11:43 Feudal Age
15:29 Castle Age
14:07 Double-Bit Axe
17:48 Bow Saw
20:48 Horse Collar
21:49 Wheelbarrow
21:05 Town Watch
21:58 Heavy Plow
22:00 Gold Mining
23:21 Scale Mail Armor
24:39 Chain Mail Armor
25:06 Gold Shaft Mining
25:26 Squires
25:41 Forging
26:45 Hand Cart
27:08 Stone Mining
30:59 Imperial Age
29:32 Fletching
30:33 Stone Shaft Mining
30:50 Bodkin Arrow
31:33 Ballistics
31:58 Bracer
33:42 Chemistry
32:54 Elite Fire Lancer
35:49 Two-Man Saw
35:38 Plate Mail Armor
35:36 Eupseong
35:59 Masonry
35:26 Heavy Rocket Cart
37:23 Iron Casting
37:32 Conscription
37:45 Elite Skirmisher
43:36 Thumb Ring
47:21 Pikeman
47:47 Arson
48:07 Halberdier
49:38 Arrowslits
49:50 Murder Holes
50:00 Siege Engineers
50:26 Architecture
49:38 Treadmill Crane
50:09 Fortified Wall
Dunder
5:38 Loom
12:48 Feudal Age
16:23 Castle Age
14:24 Double-Bit Axe
14:45 Horse Collar
17:44 Bow Saw
17:35 Heavy Plow
21:59 Wheelbarrow
24:17 Murder Holes
24:35 Fortified Wall
30:40 Imperial Age
28:33 Hand Cart
30:03 Fervor
30:19 Sanctity
31:05 Chemistry
30:16 Masonry
29:46 Treadmill Crane
30:19 Town Watch
32:57 Fletching
33:48 Conscription
33:35 Wagenburg Tactics
33:58 Ballistics
34:09 Architecture
33:17 Houfnice
33:33 Houfnice
35:05 Caravan
35:39 Coinage
35:17 Bodkin Arrow
38:07 Pikeman
38:48 Squires
38:51 Scale Mail Armor
38:51 Bracer
38:52 Padded Archer Armor
39:35 Halberdier
40:33 Chain Mail Armor
40:28 Forging
41:23 Leather Archer Armor
45:18 Siege Engineers
45:34 Bombard Tower
49:43 Banking
53:57 Plate Mail Armor
54:02 Iron Casting
53:58 Ring Archer Armor
54:44 Guilds
54:59 Block Printing
55:12 Illumination
56:21 Murder Holes
56:17 Guard Tower
56:13 Arrowslits
56:21 Guard Tower
57:33 Blast Furnace
56:39 Scale Barding Armor
56:43 Devotion
56:43 Atonement
56:53 Town Patrol
刀他(她)
10:50 Feudal Age
14:53 Castle Age
13:11 Double-Bit Axe
14:11 Horse Collar
16:14 Wheelbarrow
21:33 Fletching
22:24 Bow Saw
22:17 Heavy Plow
22:57 Gold Mining
24:29 Stone Mining
25:24 Hand Cart
30:09 Imperial Age
28:30 Fletching
28:40 Padded Archer Armor
29:39 Gold Shaft Mining
29:42 Stone Shaft Mining
29:23 Masonry
30:26 Ballistics
30:16 Husbandry
30:27 Bloodlines
30:13 Bodkin Arrow
30:34 Leather Archer Armor
30:41 Nomads
30:37 Loom
30:38 Town Watch
31:16 Conscription
32:07 Caravan
31:51 Elite Mangudai
32:21 Capped Ram
33:24 Drill
33:39 Bracer
33:36 Siege Ram
34:40 Fortified Wall
35:37 Chemistry
35:09 Fortified Wall
36:10 Hoardings
37:06 Onager
44:12 Parthian Tactics
46:16 Coinage
51:03 Siege Engineers
53:22 Banking
56:16 Town Patrol
只爆叉叉
1:25 Loom
11:51 Feudal Age
16:03 Castle Age
14:00 Double-Bit Axe
14:25 Horse Collar
17:11 Bow Saw
17:04 Heavy Plow
24:02 Wheelbarrow
23:47 Stone Mining
23:51 Gold Mining
25:43 Gold Shaft Mining
25:58 Stone Shaft Mining
26:19 Hand Cart
27:14 Ballistics
31:19 Imperial Age
28:57 Padded Archer Armor
28:47 Fletching
29:40 Nomads
30:40 Thumb Ring
30:40 Bodkin Arrow
31:00 Leather Archer Armor
31:16 Husbandry
31:26 Bloodlines
30:40 Light Cavalry
33:00 Conscription
32:00 Elite Mangudai
32:07 Hussar
32:51 Bracer
32:57 Scale Barding Armor
33:02 Forging
33:40 Parthian Tactics
34:03 Forging
35:08 Chain Barding Armor
35:47 Caravan
37:51 Iron Casting
38:42 Chemistry
37:48 Siege Engineers
39:07 Elite Steppe Lancer
47:42 Blast Furnace
Ejatch Lemayahu Gewodros
0:57 Loom
12:09 Feudal Age
17:25 Castle Age
15:58 Double-Bit Axe
18:42 Bow Saw
26:57 Town Watch
28:24 Wheelbarrow
32:00 Imperial Age
31:19 Chemistry
30:53 Horse Collar
31:34 Wagenburg Tactics
32:05 Ballistics
31:56 Fortified Wall
32:43 Masonry
33:47 Houfnice
36:33 Two-Man Saw
37:11 Conscription
47:26 Elite Hussite Wagon
51:56 Siege Engineers
Ekx_21_Pro_Max
12:10 Feudal Age
14:51 Castle Age
12:40 Double-Bit Axe
15:04 Wheelbarrow
16:56 Loom
22:31 Horse Collar
23:34 Heavy Plow
26:34 Hand Cart
26:40 Gold Mining
27:45 Husbandry
27:56 Bloodlines
31:01 Imperial Age
29:05 Forging
29:00 Scale Barding Armor
31:03 Iron Casting
30:57 Chain Barding Armor
32:53 Blast Furnace
31:52 Elite Battle Elephant
33:27 Conscription
33:43 Crop Rotation
34:06 Bow Saw
35:01 Plate Barding Armor
34:17 Fletching
34:34 Tusk Swords
35:07 Sanctity
34:58 Fervor
41:33 Caravan
43:03 Elite Ballista Elephant
46:10 Gold Shaft Mining
46:55 Chemistry
46:18 Ballistics
46:28 Padded Archer Armor
46:23 Bodkin Arrow
48:38 Bracer
49:52 Chemistry
49:05 Fortified Wall
49:16 Double Crossbow
51:14 Light Cavalry
kerich732
2:17 Loom
13:22 Feudal Age
18:06 Double-Bit Axe
21:49 Castle Age
20:03 Stone Mining
21:44 Gold Mining
24:39 Horse Collar
26:47 Heavy Plow
27:03 Pikeman
29:04 Wheelbarrow
28:37 Man-at-Arms
30:30 Squires
30:30 Fletching
32:55 Ballistics
32:49 Bow Saw
35:17 Long Swordsman
36:27 Detinets
36:44 Scale Mail Armor
40:34 Chain Mail Armor
40:30 Forging
40:38 Chain Mail Armor
41:15 Town Watch
43:26 Iron Casting
42:53 Caravan
44:53 Gold Shaft Mining
44:53 Scale Barding Armor
45:06 Hand Cart
46:14 Murder Holes
47:38 Husbandry
48:27 Chain Barding Armor
49:57 Bloodlines
50:50 Light Cavalry
Connection lost

Rejoining the realm…

Still unreachable

The connection could not be restored.

Session expired

The server has moved on; the page needs a fresh start.